 Dungeon Crawl Stone Soup version 0.31-a0-981-geadf994542 (webtiles) character file.

Game seed: 13194154397609710840

504175 Xavori the Warrior (level 26, -2/249 HPs)
             Began as a Djinni Chaos Knight on Oct 31, 2023.
             Was a Favourite Plaything of Xom.
             Slain by a deep troll shaman simulacrum (8 damage)
             ... animated by a necromancer
             ... while petrified by you
             ... on level 2 of the Depths on Nov 1, 2023.
             The game lasted 01:38:32 (54122 turns).

Xavori the Warrior (Djinni Chaos Knight)           Turns: 54122, Time: 01:38:32

Health: -2/249     AC:  0    Str: 11    XL:     26   Next: 58%
Gold:   4634       EV:  3    Int: 24    God:    Xom [......] SH:  0 Dex: 34

rFire   + . .        U - melded +9 double sword (spect)
rCold   + . .        A - melded +3 buckler of the Evening {rC+}
rNeg    + + +        I - melded +4 scale mail of the Pink Corner {Regen+}
rPois   ∞            S - melded +0 hat {Will+}
rElec   +            G - melded +0 cloak
rCorr   +            b - melded +1 pair of gloves {Dex+3}
SInv    .            (boots unavailable)
Will    ++...        m - amulet "Tothy" {Reflect rElec Int+3 Dex+4 SH+5}
Stlth   ++++         h - melded +6 ring of dexterity
HPRegen 0.61/turn    q - melded ring of positive energy
MPRegen 0.00/turn

%: reflection, clarity, infuse magic (-3 HP)
@: mighty, agile, pig-form, death channelling, resistant, petrified, flying,
studying 3 skills, very quick
A: fast, flying, no casting, sickness immunity, small, (fire resistance 2),
(cold vulnerability 1), float, innate caster, HP casting, extra vitality 1,
(antennae 2), (fangs 1), (iridescent scales 2), thin skeletal structure 1, agile
2, clarity, clever 2, deterioration 1, passive freeze, sense surroundings 1,
robust 3, strong 1, no potion heal 1, (sturdy frame 1)
}: 2/15 runes: silver, gossamer
a: Renounce Religion


You were on level 2 of the Depths.
You worshipped Xom.
You were a very special plaything of Xom.
You were a filthy swine.
You visited 8 branches of the dungeon, and saw 39 of its levels.
You also visited: Sewer, Ossuary and Bailey.

You collected 6868 gold pieces.
You spent 2234 gold pieces at shops.

Inventory:

Hand Weapons
 U - a +9 spectral double sword (melded)
Armour
 b - a +1 pair of gloves of dexterity (melded)
 n - a +0 kite shield of reflection
 A - the +3 buckler of the Evening (melded) {rC+}
   (You bought it in a shop on level 2 of the Orcish Mines)

   rC+:       It protects you from cold.
 D - the +1 ring mail of Xaijixit {rN+ Int+4 Dex+2}
   (You bought it in a shop on level 2 of the Orcish Mines)

   Int+4:     It affects your intelligence (+4).
   Dex+2:     It affects your dexterity (+2).
   rN+:       It protects you from negative energy.
 G - a +0 cloak (melded)
 I - the +4 scale mail of the Pink Corner (melded) {Regen+}
   (You found it on level 5 of the Vaults)

   Regen+:    It increases your rate of health regeneration.
 S - a +0 hat of willpower (melded)
Jewellery
 h - a +6 ring of dexterity (melded)
 m - the amulet "Tothy" (around neck) {Reflect rElec Int+3 Dex+4 SH+5}
   (You acquired it on level 13 of the Dungeon)

   [amulet of reflection]

   Reflect:   It reflects blocked missile attacks.
   Int+3:     It affects your intelligence (+3).
   Dex+4:     It affects your dexterity (+4).
   rElec:     It insulates you from electricity.
   SH+5:      It affects your SH (+5).
 q - a ring of positive energy (melded)
 s - a +4 ring of protection
 u - a +5 ring of evasion
 C - a ring of protection from cold
 Z - a ring of resist corrosion
Wands
 o - a wand of flame (112)
 r - a wand of polymorph (23)
 x - a wand of iceblast (45)
 E - a wand of charming (44)
 N - a wand of digging (3)
 X - a wand of quicksilver (35)
 Y - a wand of mindburst (39)
Scrolls
 c - a scroll of butterflies
 d - 18 scrolls of teleportation
 i - 5 scrolls of fog
 p - a scroll of fear
 v - 6 scrolls of poison
 y - 10 scrolls of enchant armour
 J - 5 scrolls of revelation
 K - 16 scrolls of immolation
 M - a scroll of brand weapon
 O - 10 scrolls of identify
 Q - 4 scrolls of summoning
Potions
 a - 4 potions of lignification
 e - 26 potions of curing
 f - 17 potions of heal wounds
 g - 8 potions of enlightenment
 j - 6 potions of brilliance
 k - 4 potions of haste
 l - 11 potions of mutation
 w - 6 potions of might
 z - a potion of cancellation
 B - 3 potions of resistance
 F - 5 potions of degeneration
 H - 4 potions of berserk rage
 L - 3 potions of ambrosia
 R - a potion of invisibility
 T - 4 potions of attraction
Miscellaneous
 t - a box of beasts
 P - a condenser vane
 V - a lightning rod (4/4)


   Skills:
 - Level 17.4 Fighting
 - Level 16.1 Long Blades
 - Level 15.2 Armour
 - Level 16.6 Dodging
 - Level 9.8 Shields
 - Level 14.8 Spellcasting
 - Level 14.8 Conjurations
 - Level 14.8 Hexes
 - Level 14.8 Summonings
 - Level 14.8 Necromancy
 - Level 14.8 Translocations
 - Level 14.8 Transmutations
 - Level 14.8 Fire Magic
 - Level 14.8 Ice Magic
 - Level 14.8 Air Magic
 - Level 14.8 Earth Magic
 - Level 15.9 Poison Magic
 - Level 6.9 Evocations
 * Level 16.7 Shapeshifting


You knew the following spells:

 Your Spells              Type           Power      Damage    Failure   Level
a - Slow                  Hex            100%       N/A       0%          1
b - Passwall              Tmut/Erth      60%        N/A       0%          2
c - Searing Ray           Conj           100%       2d8       0%          2
d - Inner Flame           Hex/Fire       73%        N/A       1%          3
e - Alistair's Intoxicat  Tmut/Pois      50%        N/A       1%          5
f - Iskenderun's Battles  Conj           73%        2d12      1%          5
g - Conjure Ball Lightni  Conj/Air       36%        3x3d12    1%          6
h - Eringya's Noxious Bo  Tmut/Pois      37%        4d6       1%          6
i - Death Channel         Necr           36%        N/A       1%          6
j - Maxwell's Capacitive  Air            36%        ∞         43%         8
k - Spellforged Servitor  Conj/Summ      36%        N/A       6%          7
l - Fire Storm            Conj/Fire      36%        8d9       100%        9
Your spell library was empty.


Dungeon Overview and Level Annotations

Branches:
Dungeon (15/15)            Temple (0/1) D:6            Lair (5/5) D:10
 Shoals (0/4) Lair:2       Spider (4/4) Lair:2        Slime (0/5) Lair:4
    Orc (2/2) D:10            Elf (3/3) Orc:2        Vaults (5/5) D:14
  Crypt (3/3) Vaults:3       Tomb (0/3) Crypt:3      Depths (2/4) D:15
  Sewer (visited)         Ossuary (visited)          Bailey (visited)

Altars:
Cheibriados
Gozag
Trog
Wu Jian
Xom
Yredelemnul
Zin
Jiyva

Shops:
D:5 (   D:8 *   D:12 !   Orc:2 :[!*   Elf:2 !   Depths:1 ::=

Portals:
Hell: Depths:1
Abyss: Depths:1
Pandemonium: Orc:2
Ziggurat: Depths:2

Annotations:
D:12 exclusion: obsidian statue
D:15 3 runed translucent doors, Bekuax's ghost, journeyman DgVM


Innate Abilities, Weirdness & Mutations

You are a filthy swine.
You move quickly.
You are flying.
Your equipment is almost entirely melded.
You are incapable of wielding weapons or throwing items.
You cannot cast spells.
You are immune to sickness and miasma.
You are immune to poison.
((Your flesh is very heat resistant. (rF++)))
((You are vulnerable to cold. (rC-)))
You float through the air rather than walking.
You learn spells naturally, not from books.
Your magical power is your life essence.
You have superior vitality. (+4 MHP)
((You have a pair of antennae on your head.))
((You have very sharp teeth.))
((You are mostly covered in iridescent scales. (AC +4)))
You have a somewhat thin skeletal structure. (Dex +2, Stealth+)
You are very agile. (Dex +8, Str/Int -2)
You possess an exceptional clarity of mind.
Your mind is very acute. (Int +8, Str/Dex -2)
Your body sometimes deteriorates upon taking damage.
A frigid envelope surrounds you and freezes all who hurt you.
You passively map a small area around you.
You are extremely robust. (+30% HP)
Your muscles are strong. (Str +4, Int/Dex -1)
Potions are less effective at restoring your health.
((Your movements are slightly less encumbered by armour. (ER -2)))


Message History

The deep troll shaman simulacrum freezes you!
You resist.
* * * LOW HITPOINT WARNING * * *
The deep troll shaman simulacrum completely resists.
The deep troll shaman simulacrum claws you.
* * * LOW HITPOINT WARNING * * *
The deep troll shaman simulacrum freezes you!
You resist.
* * * LOW HITPOINT WARNING * * *
The deep troll shaman simulacrum completely resists.
The deep troll shaman simulacrum claws you!
* * * LOW HITPOINT WARNING * * *
The deep troll shaman simulacrum freezes you!
You resist.
* * * LOW HITPOINT WARNING * * *
The deep troll shaman simulacrum completely resists.
You are engulfed in seething chaos.
Your spectral necromancer is no longer moving slowly.
Your spectral necromancer is engulfed in seething chaos.
Your spectral necromancer hits the frost giant but does no damage.
The frost giant gestures at you while chanting.
The bolt of cold hits you! You resist.
* * * LOW HITPOINT WARNING * * *
The bolt of cold hits the deep troll shaman simulacrum.
The deep troll shaman simulacrum completely resists.
The deep troll shaman simulacrum bites you!
* * * LOW HITPOINT WARNING * * *
The deep troll shaman simulacrum freezes you!
You resist.
* * * LOW HITPOINT WARNING * * *
The deep troll shaman simulacrum completely resists.
The deep troll shaman simulacrum claws you!
* * * LOW HITPOINT WARNING * * *
The deep troll shaman simulacrum freezes you!
You resist.
* * * LOW HITPOINT WARNING * * *
The deep troll shaman simulacrum completely resists.
The deep troll shaman simulacrum claws you!
You die...
Xom thinks this is hilarious!

.... , .......... *
.....#######.
...........,*
.....##...... ...........
* .....##......
...........,
.....##......##..........
.....''.....+..>.........
.....##.....#..Z.......
.....##........Z##).## *
...............#hZ§..#
..########..#####C..##*
...######..## {,#'.....
...#......## { {..#....
...'.....## , ,C..#...
..##.....# , { ,⌠.⌠..#..
####.)...#, .....#.
#........# { , ....(#
.....#...# , ⌠ ,, *


You could see a frost giant (soul bound, drained, ally target), an ice dragon
simulacrum, a deep troll shaman simulacrum and a friendly spectral necromancer
(fast).

Vanquished Creatures
  2 dread liches (Vaults:5)
  Mennas (Crypt:3)
  An ancient lich (Vaults:3)
  A royal mummy (Crypt:3)
  Bai Suzhen (Vaults:4)
  A caustic shrike (Orc:2)
  A profane servitor (Crypt:3)
  5 tentacled monstrosities (Vaults:5)
  A deep elf blademaster (Elf:2)
  3 liches
  5 titans
  A quicksilver dragon (Vaults:3)
  Gastronok (Lair:2)
  A deep elf master archer (Elf:3)
  3 sphinxes
  12 ancient champions
  Aizul (Spider:1)
  5 shadow dragons
  7 tengu reavers
  5 storm dragons
  Donald (Orc:2)
  4 fire giants
  2 revenants
  12 vault wardens
  A shard shrike simulacrum (Crypt:3)
  3 frost giants
  6 deep elf sorcerers (Elf:3)
  An iron dragon (Depths:1)
  A caustic shrike zombie (Crypt:3)
  6 emperor scorpions
  5 deep elf elementalists (Elf:3)
  12 ironbound preservers
  5 ghost moths
  A balrug (Depths:1)
  A juggernaut zombie (Depths:2)
  5 ghouls
  7 ironbound thunderhulks
  2 orc warlords
  A caustic shrike skeleton (Crypt:3)
  11 stone giants
  A war gargoyle (Vaults:5)
  17 very ugly things
  4 formless jellyfish
  9 deep elf demonologists
  3 broodmothers
  8 vampire knights
  6 deep elf annihilators
  8 dire elephants (Vaults:3)
  2 eidola (Crypt:2)
  2 spark wasps
  Azrael (Orc:2)
  5 deep elf death magi
  The ghost of tinescath the Martial Artist, a journeyman GnSh of Cheibriados (Lair:2)
  8 ettins
  6 deep elf high priests
  10 jiangshi
  15 yaktaur captains
  A quicksilver dragon zombie (Depths:1)
  Josephine (Orc:2)
  2 merfolk javelineers (Depths:1)
  8 entropy weavers
  A fire dragon (Depths:2)
  2 spriggan zombies
  A hydra (shapeshifter) (Vaults:5)
  4 hydras
  Erolcha (Orc:2)
  2 demonspawn (Orc:2)
  A nameless horror (Elf:3)
  2 ice dragons (Depths:2)
  3 great orbs of eyes
  2 rakshasas
  26 vault guards
  A catoblepas (Lair:1)
  2 peacekeepers
  A merfolk avatar (Lair:5)
  A radroach (Spider:1)
  13 centaur warriors
  5 death knights
  10 ironbound frosthearts
  A sphinx zombie (Depths:1)
  4 spriggan skeletons
  6 two-headed ogres
  A jorogumo (Spider:3)
  2 deep troll shamans
  16 boulder beetles
  30 dancing weapons
  A hell hog (Depths:1)
  A tengu warrior (D:14)
  4 demonic crawlers
  Urug (D:13)
  9 vampire magi
  8 deep troll earth magi
  An occultist (D:15)
  11 orc high priests
  4 hell knights
  4 sun demons (Depths:1)
  A spriggan berserker (Depths:2)
  Sonja (Orc:2)
  5 soul eaters
  19 deep elf knights
  2 titan skeletons
  3 shadow wraiths (Crypt:2)
  A skyshark (Lair:3)
  14 skeletal warriors
  2 cherubim (Elf:3)
  A sun moth (Spider:1)
  An iron troll (Vaults:5)
  3 pharaoh ants
  39 deep trolls
  Lodul (D:13)
  5 flayed ghosts
  11 orb spiders
  A sea snake (Lair:5)
  19 phantasmal warriors
  10 orc knights
  18 ironbound convokers
  3 steelbarb worms
  A bog body (Crypt:3)
  6 deep elf archers
  3 lindwurms (Vaults:1)
  8 harpies
  2 arcanists
  A mana viper (shapeshifter) (D:14)
  9 necromancers
  A frost giant zombie (Depths:1)
  23 deep elf zephyrmancers
  15 wolf spiders
  2 tengu skeletons
  26 deep elf pyromancers
  An iron dragon zombie (Depths:2)
  10 orc sorcerers
  2 salamanders (Depths:1)
  A jorogumo skeleton (Crypt:2)
  6 cyclopes
  A dire elephant zombie (Crypt:3)
  24 ugly things
  A manticore (Lair:5)
  A shadow dragon skeleton (Depths:1)
  A shock serpent zombie (Crypt:3)
  An elephant (shapeshifter) (D:14)
  A moth of wrath (Spider:2)
  An apocalypse crab (Spider:2)
  Joseph (D:8)
  A frost giant skeleton (Depths:1)
  4 elephants (Lair:4)
  3 black mambas
  Maggie (D:9)
  3 torpor snails
  18 vault sentinels
  4 centaur skeletons
  A naga skeleton (Crypt:3)
  2 gargoyles (D:13)
  An orange demon (Orc:2)
  8 cane toads
  3 smoke demons (Depths:1)
  2 rime drakes (Lair:5)
  A redback zombie (Crypt:1)
  23 yaktaurs
  2 unseen horrors
  An anaconda simulacrum (Crypt:1)
  8 komodo dragons
  A black draconian zombie (Crypt:1)
  9 freezing wraiths
  A guardian mummy (Crypt:3)
  A mana viper zombie (Crypt:2)
  2 red devils (Orc:2)
  2 tengu conjurers
  2 harpy zombies
  3 merfolk (Lair:2)
  4 trolls
  2 wind drakes (Lair:5)
  7 hornets
  A tengu simulacrum (Depths:2)
  5 polar bears
  2 meliai (D:15)
  An ettin zombie (Vaults:1)
  A tarantella (shapeshifter) (D:14)
  6 dream sheep (Lair:5)
  21 tarantellas
  A blink frog (shapeshifter) (Elf:3)
  A harpy skeleton (Crypt:3)
  An iron dragon simulacrum (Crypt:3)
  4 air elementals
  9 slime creatures
  A deep troll zombie (Vaults:1)
  A snapping turtle (shapeshifter) (Vaults:5)
  A satyr zombie (Crypt:2)
  A snapping turtle (Lair:5)
  A boulder beetle zombie (Crypt:2)
  11 culicivoras
  31 jumping spiders
  4 water elementals
  A culicivora (shapeshifter) (D:13)
  A shadow (D:12)
  8 humans (Bailey)
  A fire bat (shapeshifter) (D:14)
  4 vampires
  10 wraiths
  3 wyverns
  A dire elephant simulacrum (Crypt:3)
  An ice dragon skeleton (Crypt:2)
  7 fire elementals
  78 yaks
  An elf simulacrum (Vaults:1)
  2 basilisks (Lair:4)
  9 steam dragons
  A chaos spawn (Orc:2)
  42 redbacks
  5 vampire mosquitoes
  A skyshark zombie (Crypt:2)
  A water nymph zombie (Crypt:3)
  A spriggan simulacrum (Depths:1)
  6 wargs
  3 acid dragons
  A hell hound (Orc:2)
  11 water moccasins
  2 human skeletons
  A faun skeleton (Crypt:2)
  34 orc warriors
  2 swamp drakes
  An ice beast (D:7)
  10 wolves
  2 ettin simulacra
  A black mamba simulacrum (Crypt:1)
  2 black bears (D:5)
  13 ogres
  3 boggarts (D:15)
  A wolf (shapeshifter) (Vaults:5)
  8 centaurs
  A torpor snail zombie (Crypt:1)
  A phantom (D:6)
  A kobold brigand (D:8)
  A salamander zombie (Crypt:1)
  2 necrophages (Crypt:3)
  18 bullfrogs
  An earth elemental (Elf:3)
  A gnoll sergeant (D:9)
  11 scorpions
  3 water moccasin zombies (Ossuary)
  4 wights (D:9)
  4 killer bees (D:10)
  2 howler monkeys (D:9)
  5 electric eels
  A lava snake (D:7)
  2 jellies
  A basilisk zombie (Crypt:3)
  A black bear zombie (Crypt:1)
  5 hounds
  20 orc priests
  Ijyb (D:3)
  Terence (D:3)
  3 iguanas
  19 orc wizards
  A sickly merfolk siren (Sewer)
  A malarious merfolk avatar (Sewer)
  A deep dwarf zombie (Crypt:1)
  A deep dwarf skeleton (Crypt:3)
  12 mummies
  19 gnolls
  8 adders
  4 river rats
  2 white imps
  2 ufetubi (D:6)
  3 adder zombies (Ossuary)
  An adder skeleton (Crypt:2)
  An iguana skeleton (Crypt:2)
  3 worms (D:2)
  4 dart slugs
  79 orcs
  6 endoplasms
  6 giant cockroaches
  9 hobgoblins
  11 jackals
  4 kobolds
  12 quokkas
  A river rat zombie (Crypt:3)
  10 ball pythons
  5 bats
  A dart slug zombie (Crypt:3)
  5 frilled lizards
  2 gnoll zombies (Ossuary)
  19 goblins
  A goblin skeleton (Crypt:2)
  4 hobgoblin zombies (Ossuary)
  A kobold zombie (Ossuary)
  2 orc zombies (Ossuary)
  24 rats
1631 creatures vanquished.

Vanquished Creatures (collateral kills)
  A tengu reaver (Vaults:5)
  An iron dragon (Vaults:5)
  3 ironbound preservers
  A very ugly thing (Vaults:5)
  2 stone giants (Depths:2)
  A fire dragon (Depths:1)
  2 yaktaur captains (Vaults:5)
  3 vault guards
  A great orb of eyes (Vaults:2)
  An ironbound frostheart (Vaults:4)
  A centaur warrior (Vaults:3)
  2 skeletal warriors (D:13)
  5 deep trolls
  An arcanist (Vaults:3)
  A spriggan simulacrum (Depths:1)
  A necromancer (Depths:2)
  A deep elf pyromancer (Elf:1)
  A goliath frog skeleton (Crypt:3)
  A vault sentinel (Vaults:5)
  A cane toad (Lair:2)
  2 yaktaurs (Vaults:5)
  A meliai (D:15)
  Prince Ribbit (Bailey)
  A fire giant simulacrum (Depths:2)
  A human (Bailey)
  2 vampire mosquitoes (D:15)
  Edmund (D:6)
  2 water moccasins
  2 orc warriors (Orc:2)
  An ice beast (D:6)
  4 ogres (D:13)
  A boggart (D:15)
  A gnoll bouda (D:6)
  An orc wizard (Orc:2)
  4 gnolls (D:6)
  An adder (D:6)
  3 orcs
  A goblin (Bailey)
  2 ball lightnings (Elf:3)
63 creatures vanquished.

Vanquished Creatures (others)
  A deep elf elementalist (Elf:3)
  3 dancing weapons
  An orc high priest (Orc:2)
  A deep elf knight (Elf:2)
  2 deep trolls (Vaults:4)
  A deep elf pyromancer (Elf:3)
  A phantasmal warrior (Vaults:4)
  A wolf spider (Spider:4)
  A water elemental (Elf:1)
  A wraith (Crypt:1)
  2 killer bees (D:10)
  An orc wizard (Orc:2)
  52 ball lightnings
  62 spectral weapons
130 creatures vanquished.

Grand Total: 1824 creatures vanquished

Notes
Turn   | Place    | Note
-------+----------+-------------------------------------------
     0 | D:1      | Xavori the Djinni Chaos Knight began the quest for the Orb.
     0 | D:1      | Reached XP level 1. HP: 20/20 MP: 0/0
    59 | D:1      | Reached XP level 2. HP: 23/25 MP: 0/0
   348 | D:1      | Found a faded altar of an unknown god.
   423 | D:1      | Reached XP level 3. HP: 28/30 MP: 0/0
   423 | D:1      | Learned a level 1 spell: Slow
   642 | D:2      | XOM: divination: detect creatures
  1103 | D:1      | XOM: give mutations
  1103 | D:1      | Gained mutation: You are partially covered in large bone
                  | plates. (SH +4) [Xom's grace]
  1103 | D:1      | Gained mutation: You are robust. (+10% HP) [Xom's grace]
  1451 | D:2      | Reached skill level 1 in Spellcasting
  1451 | D:2      | Reached skill level 1 in Conjurations
  1451 | D:2      | Reached skill level 1 in Hexes
  1451 | D:2      | Reached skill level 1 in Summonings
  1451 | D:2      | Reached skill level 1 in Necromancy
  1451 | D:2      | Reached skill level 1 in Translocations
  1451 | D:2      | Reached skill level 1 in Transmutations
  1451 | D:2      | Reached skill level 1 in Fire Magic
  1451 | D:2      | Reached skill level 1 in Ice Magic
  1451 | D:2      | Reached skill level 1 in Air Magic
  1451 | D:2      | Reached skill level 1 in Earth Magic
  1451 | D:2      | Reached skill level 1 in Poison Magic
  1475 | D:2      | XOM: 9-stop teleportation journey
  1555 | D:2      | Identified the +9 dagger "Fanid" {vamp, rN+}
  1579 | D:2      | XOM: summons 2 hostile demons
  1790 | D:2      | Reached XP level 4. HP: 38/38 MP: 0/0
  1906 | D:3      | Noticed Ijyb
  1918 | D:3      | XOM: summons 1 hostile demon
  1919 | D:3      | XOM: chaos upgrade
  1923 | D:3      | Killed Ijyb
  2076 | D:3      | Found an ornate altar of the Wu Jian Council.
  2085 | D:3      | Reached XP level 5. HP: 44/44 MP: 0/0
  2085 | D:3      | Learned a level 2 spell: Passwall
  2088 | D:3      | XOM: silly message
  2132 | D:3      | Noticed Terence
  2134 | D:3      | XOM: chaos upgrade
  2144 | D:3      | Killed Terence
  2435 | D:3      | XOM: god gift: glaive {god gift}
  2502 | D:4      | Reached XP level 6. HP: 51/51 MP: 0/0
  2878 | D:4      | Reached skill level 4 in Fighting
  2878 | D:4      | Reached XP level 7. HP: 56/57 MP: 0/0
  2878 | D:4      | Learned a level 2 spell: Searing Ray
  3056 | D:5      | Identified the "Wekhoric"
  3056 | D:5      | Entered Level 5 of the Dungeon
  3132 | D:5      | Found Nablag's Antique Weapon Shop.
  3287 | D:5      | Found a sand-covered staircase.
  3294 | Ossuary  | Entered an ossuary
  3331 | Ossuary  | XOM: 1-stop teleportation journey
  3362 | Ossuary  | XOM: scenery: 1 doors open, 1 doors close
  3457 | Ossuary  | Reached XP level 8. HP: 53/63 MP: 0/0
  3458 | Ossuary  | XOM: divination: detect items
  3599 | D:5      | XOM: confusion (+ monsters)
  3615 | D:5      | XOM: swap monsters
  3621 | D:5      | Reached skill level 5 in Long Blades
  3853 | D:5      | XOM: scenery: 1 doors close
  3856 | D:5      | XOM: scenery: summon butterflies
  4023 | D:5      | Found a basalt altar of Yredelemnul.
  4078 | D:5      | XOM: polymorph orc wizard -> hound
  4247 | D:5      | XOM: give mutation
  4247 | D:5      | Gained mutation: Your natural rate of healing is unusually
                  | fast. [Xom's grace]
  4265 | D:6      | Reached skill level 5 in Fighting
  4265 | D:6      | Reached XP level 9. HP: 66/71 MP: 0/0
  4265 | D:6      | Learned a level 3 spell: Inner Flame
  4295 | D:6      | Found a staircase to the Ecumenical Temple.
  4304 | D:6      | Reached skill level 5 in Dodging
  4391 | D:6      | Noticed Edmund
  4401 | D:6      | XOM: silly message
  4409 | D:6      | Killed Edmund
  4695 | D:6      | Found a glowing drain.
  4699 | Sewer    | Entered a sewer
  5469 | D:7      | Found a snail-covered altar of Cheibriados.
  5490 | D:7      | XOM: potion effect (might)
  5517 | D:7      | Reached skill level 5 in Armour
  5576 | D:7      | XOM: scenery: summon butterflies
  5666 | D:7      | XOM: scenery: summon butterflies
  5679 | D:7      | Reached XP level 10. HP: 79/79 MP: 0/0
  5901 | D:7      | XOM: summons 4 hostile demons
  5914 | D:7      | XOM: 3-stop teleportation journey
  5932 | D:7      | XOM: summons friendly white imp
  5934 | D:7      | Reached skill level 6 in Fighting
  5936 | D:7      | XOM: cast spell 'Summon Small Mammal'
  5940 | D:7      | Reached skill level 5 in Spellcasting
  5940 | D:7      | Reached skill level 5 in Conjurations
  5940 | D:7      | Reached skill level 5 in Hexes
  5940 | D:7      | Reached skill level 5 in Summonings
  5940 | D:7      | Reached skill level 5 in Necromancy
  5940 | D:7      | Reached skill level 5 in Translocations
  5940 | D:7      | Reached skill level 5 in Transmutations
  5940 | D:7      | Reached skill level 5 in Fire Magic
  5940 | D:7      | Reached skill level 5 in Ice Magic
  5940 | D:7      | Reached skill level 5 in Air Magic
  5940 | D:7      | Reached skill level 5 in Earth Magic
  5940 | D:7      | Reached skill level 5 in Poison Magic
  5986 | D:7      | XOM: give mutations
  5986 | D:7      | Gained mutation: You passively dampen the noise of your
                  | surroundings. [Xom's grace]
  5986 | D:7      | Gained mutation: You possess an exceptional clarity of
                  | mind. [Xom's grace]
  5986 | D:7      | Gained mutation: You are resistant to electric shocks.
                  | (rElec) [Xom's grace]
  6244 | D:8      | Found Vugg's Assorted Antiques.
  6249 | D:8      | Found a shimmering altar of Xom.
  6250 | D:8      | XOM: divination: detect items
  6417 | D:8      | XOM: potion effect (berserk rage)
  6460 | D:8      | Noticed Joseph
  6465 | D:8      | XOM: potion effect (haste)
  6467 | D:8      | XOM: divination: magic mapping
  6484 | D:8      | Killed Joseph
  6630 | D:8      | XOM: potion effect (brilliance)
  6739 | D:8      | XOM: silly message
  6916 | D:8      | XOM: silly message
  7166 | D:9      | Noticed Maggie
  7175 | D:9      | XOM: enchant monster (good)
  7181 | D:9      | Killed Maggie
  7185 | D:9      | XOM: enchant monster (good)
  7213 | D:9      | XOM: 4-stop teleportation journey
  7282 | D:9      | XOM: cast spell 'Summon Cactus Giant'
  7282 | D:9      | Noticed a two-headed ogre
  7287 | D:9      | Reached XP level 11. HP: 76/85 MP: 0/0
  7287 | D:9      | Learned a level 5 spell: Alistair's Intoxication
  7307 | D:9      | Killed a two-headed ogre
  7308 | D:9      | Reached skill level 7 in Fighting
  7359 | D:9      | XOM: divination: detect items
  7503 | D:9      | XOM: silly message
  7550 | D:9      | Noticed a centaur warrior
  7551 | D:9      | Found an opulent altar of Gozag.
  7552 | D:9      | XOM: silly message
  7566 | D:9      | Killed a centaur warrior
  7599 | D:9      | Noticed a two-headed ogre
  7605 | D:9      | XOM: butterfly on damage
  7606 | D:9      | Killed a two-headed ogre
  7783 | D:9      | XOM: silly message
  7844 | D:9      | Found a glowing silver altar of Zin.
  7845 | D:9      | Noticed an angel
  7961 | D:10     | XOM: stealth player
  7961 | D:10     | Entered Level 10 of the Dungeon
  7975 | D:10     | XOM: enchant monster (good)
  7979 | D:10     | XOM: potion effect (haste)
  7983 | D:10     | XOM: summons 3 friendly demons
  8005 | D:10     | XOM: 1-stop teleportation journey
  8067 | D:10     | Found a flagged portal.
  8069 | D:10     | XOM: give mutations
  8069 | D:10     | Gained mutation: Your muscles are strong. (Str +4, Int/Dex
                  | -1) [Xom's grace]
  8069 | D:10     | Gained mutation: You are mostly covered in large bone
                  | plates. (SH +6) [Xom's grace]
  8084 | Bailey   | Entered a bailey
  8093 | Bailey   | XOM: polymorph bullfrog -> swamp drake
  8108 | Bailey   | XOM: summons friendly shadow imp
  8120 | Bailey   | XOM: summons friendly ufetubus
  8125 | Bailey   | XOM: divination: detect creatures
  8130 | Bailey   | XOM: enchant monster (good)
  8134 | Bailey   | XOM: enchant monster (good)
  8136 | Bailey   | XOM: confuse monster(s)
  8217 | Bailey   | XOM: scenery: 1 doors open, 1 doors close
  8263 | Bailey   | Noticed a vault guard
  8279 | Bailey   | XOM: divination: detect items
  8291 | Bailey   | XOM: confuse monster(s)
  8330 | Bailey   | XOM: cleaving
  8334 | Bailey   | XOM: enchant monster (good)
  8337 | Bailey   | XOM: cast spell 'Call Canine Familiar'
  8345 | Bailey   | Killed a vault guard
  8346 | Bailey   | Reached skill level 8 in Fighting
  8346 | Bailey   | Reached skill level 1 in Evocations
  8346 | Bailey   | Reached XP level 12. HP: 88/94 MP: 0/0
  8443 | Bailey   | Noticed Prince Ribbit
  8443 | Bailey   | Noticed a vault guard
  8445 | Bailey   | XOM: blink monster(s)
  8447 | Bailey   | XOM: enchant monster (bad)
  8449 | Bailey   | Lost mutation: Your muscles are strong. (Str +4, Int/Dex
                  | -1) [potion of mutation]
  8449 | Bailey   | Lost mutation: You passively dampen the noise of your
                  | surroundings. [potion of mutation]
  8449 | Bailey   | Lost mutation: You are mostly covered in large bone plates.
                  | (SH +6) [potion of mutation]
  8449 | Bailey   | Gained mutation: You are strong-willed. (Will+) [potion of
                  | mutation]
  8449 | Bailey   | Gained mutation: Your spells are a little harder to cast,
                  | but a little more powerful. [potion of mutation]
  8452 | Bailey   | Killed Prince Ribbit
  8458 | Bailey   | Killed a vault guard
  8540 | D:10     | Found a staircase to the Lair.
  8574 | D:10     | XOM: destruction
  8577 | D:10     | XOM: confuse monster(s)
  8676 | D:10     | Found a staircase to the Orcish Mines.
  8738 | D:10     | XOM: noise
  8950 | Lair:1   | Entered Level 1 of the Lair of Beasts
  9209 | Lair:1   | XOM: confuse monster(s)
  9301 | Lair:1   | Noticed a catoblepas
  9305 | Lair:1   | XOM: cast spell 'Summon Mana Viper'
  9312 | Lair:1   | Killed a catoblepas
  9393 | Lair:1   | XOM: 4-stop teleportation journey
  9406 | Lair:1   | XOM: 2-stop teleportation journey
  9659 | Lair:1   | XOM: enchant monster (bad)
  9666 | Lair:1   | XOM: blink monster(s)
  9667 | Lair:1   | XOM: noise
  9888 | Lair:2   | Identified the "Pitusk"
  9905 | Lair:2   | XOM: give mutations
  9905 | Lair:2   | Lost mutation: You are strong-willed. (Will+) [Xom's
                  | mischief]
  9905 | Lair:2   | Lost mutation: You possess an exceptional clarity of mind.
                  | [Xom's mischief]
  9907 | Lair:2   | XOM: blink monster(s)
  9942 | Lair:2   | Reached XP level 13. HP: 100/103 MP: 0/0
  9942 | Lair:2   | Learned a level 5 spell: Iskenderun's Battlesphere
 10050 | Lair:2   | Found a runed translucent door.
 10055 | Lair:2   | Noticed tinescath's ghost (journeyman GnSh)
 10075 | Lair:2   | Noticed Gastronok
 10077 | Lair:2   | XOM: noise
 10096 | Lair:2   | XOM: cast spell 'Monstrous Menagerie'
 10105 | Lair:2   | Killed Gastronok
 10106 | Lair:2   | Reached skill level 9 in Fighting
 10154 | Lair:2   | Identified the +7 long sword of Vugh {heavy, rElec}
 10303 | Lair:2   | XOM: god gift: 47 gold pieces
 10481 | Lair:2   | Found a hole to the Spider Nest.
 10487 | Lair:2   | XOM: polymorph scorpion -> swamp drake
 10501 | Lair:2   | XOM: fog
 10507 | Lair:2   | XOM: summons 5 friendly demons
 10534 | Lair:2   | Reached skill level 10 in Long Blades
 10612 | Lair:2   | Found a staircase to the Shoals.
 10618 | Lair:2   | XOM: summons 3 friendly demons
 10696 | Lair:2   | XOM: give mutations
 10696 | Lair:2   | Gained mutation: You are strong-willed. (Will+) [Xom's
                  | mischief]
 10847 | Lair:2   | XOM: cleaving
 11178 | Lair:3   | XOM: noise
 11181 | Lair:3   | XOM: polymorph wolf -> acid dragon
 11194 | Lair:3   | Reached skill level 10 in Dodging
 11230 | Lair:3   | Reached skill level 5 in Evocations
 11269 | Lair:3   | You are sucked into a shaft and drop 2 floors!
 11269 | Lair:5   | Identified the "Ishrox"
 11269 | Lair:5   | Entered Level 5 of the Lair of Beasts
 11288 | Lair:5   | XOM: summons 4 hostile demons
 11292 | Lair:5   | XOM: summons 1 hostile shadow creature
 11298 | Lair:5   | Noticed a six-headed hydra
 11300 | Lair:5   | XOM: silly message
 11312 | Lair:5   | Killed a six-headed hydra
 11411 | Lair:5   | XOM: enchant monster (bad)
 11447 | Lair:5   | XOM: potion effect (brilliance)
 11483 | Lair:5   | XOM: confuse monster(s)
 11539 | Lair:5   | XOM: cast spell 'Disjunction'
 11581 | Lair:5   | Reached XP level 14. HP: 98/112 MP: 0/0
 11629 | Lair:5   | XOM: give mutation
 11629 | Lair:5   | Lost mutation: Your natural rate of healing is unusually
                  | fast. [Xom's mischief]
 12109 | Lair:5   | XOM: 1-stop teleportation journey
 12519 | Lair:5   | XOM: blink monster(s)
 12543 | Lair:5   | XOM: divination: detect creatures
 12547 | Lair:5   | XOM: noise
 12567 | Lair:5   | XOM: silly message
 12602 | Lair:5   | Reached skill level 10 in Fighting
 13007 | Lair:5   | XOM: 2-stop teleportation journey
 13214 | Lair:4   | XOM: summons friendly white imp
 13281 | Lair:4   | XOM: summons friendly shadow imp
 13355 | Lair:4   | XOM: 4-stop teleportation journey
 13513 | Lair:4   | XOM: confuse monster(s)
 14024 | Lair:4   | XOM: 6-stop teleportation journey
 14261 | Lair:4   | Found a viscous altar of Jiyva.
 14261 | Lair:4   | Found a staircase to the Slime Pits.
 14434 | Lair:4   | XOM: god gift: scroll of fear
 14486 | Lair:4   | XOM: give mutation
 14486 | Lair:4   | Gained mutation: Your flesh is almost immune to the effects
                  | of heat. (rF+++) [Xom's mischief]
 14867 | Lair:3   | XOM: silly message
 15326 | Lair:2   | XOM: swap monsters
 15327 | Lair:2   | Killed tinescath's ghost
 15462 | Orc:1    | Entered Level 1 of the Orcish Mines
 15463 | Orc:1    | Noticed an orc warlord
 15464 | Orc:1    | XOM: enchant monster (bad)
 15544 | D:10     | XOM: silly message
 15684 | D:10     | XOM: confusion (+ monsters)
 15689 | D:10     | XOM: confuse monster(s)
 15692 | D:10     | Killed an orc warlord
 15693 | D:10     | Reached skill level 10 in Armour
 15891 | Orc:1    | XOM: noise
 15920 | Orc:1    | XOM: give mutation
 16358 | Orc:2    | Entered Level 2 of the Orcish Mines
 16367 | Orc:2    | Noticed Erolcha
 16373 | Orc:2    | Noticed Saint Roka
 16379 | Orc:2    | XOM: divination: detect items
 16381 | Orc:2    | Killed Erolcha
 16563 | Orc:1    | XOM: smoke on damage
 16719 | Orc:1    | XOM: summons 8 hostile demons
 16895 | Orc:2    | Saint Roka changed into Saint Roka the caustic shrike
 16895 | Orc:2    | Noticed Saint Roka
 16895 | Orc:2    | XOM: polymorph Saint Roka -> Saint Roka the caustic shrike
 16973 | D:11     | XOM: noise
 17128 | D:11     | XOM: stat loss: -1 Str (10/11)
 17195 | D:11     | Reached skill level 1 in Shields
 17211 | D:11     | XOM: torment (58/113 hp)
 17231 | D:11     | XOM: stat loss: -1 Int (15/16)
 17797 | D:11     | XOM: 1-stop teleportation journey
 17936 | D:11     | XOM: give mutations
 17936 | D:11     | Lost mutation: You are partially covered in large bone
                  | plates. (SH +4) [Xom's mischief]
 17936 | D:11     | Lost mutation: Your spells are a little harder to cast, but
                  | a little more powerful. [Xom's mischief]
 17951 | D:11     | XOM: confusion
 17960 | D:11     | Reached XP level 15. HP: 108/119 MP: 0/0
 17960 | D:11     | Learned a level 6 spell: Conjure Ball Lightning
 18156 | D:11     | XOM: enchant monster (bad)
 18289 | D:11     | XOM: torment (61/119 hp)
 18443 | D:11     | XOM: silly message
 18565 | D:11     | XOM: noise
 18713 | D:12     | XOM: silly message
 18922 | D:12     | Gained mutation: Your body sometimes deteriorates upon
                  | taking damage. [a neqoxec]
 18923 | D:12     | Gained mutation: You occasionally lose the ability to read
                  | scrolls when taking damage. [a neqoxec]
 18924 | D:12     | Gained mutation: Your body often deteriorates upon taking
                  | damage. [a neqoxec]
 18936 | D:12     | XOM: enchant monster (good)
 19420 | D:12     | XOM: enchant monster (good)
 19426 | D:12     | XOM: enchant monster (good)
 19708 | D:12     | XOM: summons 2 hostile shadow creatures
 19873 | D:11     | XOM: summons 1 hostile demon
 20022 | D:12     | Found Fegex's Distillery.
 20025 | D:12     | Bought a potion of heal wounds for 60 gold pieces
 20025 | D:12     | Bought a potion of heal wounds for 60 gold pieces
 20025 | D:12     | Bought a potion of invisibility for 96 gold pieces
 20025 | D:12     | Bought 3 potions of mutation for 288 gold pieces
 20025 | D:12     | Bought a potion of heal wounds for 60 gold pieces
 20093 | D:12     | XOM: noise
 20108 | D:12     | Reached skill level 10 in Spellcasting
 20108 | D:12     | Reached skill level 10 in Conjurations
 20108 | D:12     | Reached skill level 10 in Hexes
 20108 | D:12     | Reached skill level 10 in Summonings
 20108 | D:12     | Reached skill level 10 in Necromancy
 20108 | D:12     | Reached skill level 10 in Translocations
 20108 | D:12     | Reached skill level 10 in Transmutations
 20108 | D:12     | Reached skill level 10 in Fire Magic
 20108 | D:12     | Reached skill level 10 in Ice Magic
 20108 | D:12     | Reached skill level 10 in Air Magic
 20108 | D:12     | Reached skill level 10 in Earth Magic
 20108 | D:12     | Reached skill level 10 in Poison Magic
 20320 | D:12     | Lost mutation: Your body often deteriorates upon taking
                  | damage. [potion of mutation]
 20320 | D:12     | Lost mutation: You occasionally lose the ability to read
                  | scrolls when taking damage. [potion of mutation]
 20320 | D:12     | Lost mutation: You are resistant to electric shocks.
                  | (rElec) [potion of mutation]
 20320 | D:12     | Gained mutation: You have a pair of small horns on your
                  | head. [potion of mutation]
 20320 | D:12     | Gained mutation: Potions are less effective at restoring
                  | your health. [potion of mutation]
 20320 | D:12     | Gained mutation: A frigid envelope surrounds you and
                  | freezes all who hurt you. [potion of mutation]
 20351 | D:12     | XOM: summons 3 hostile demons
 20771 | D:12     | XOM: divination: magic mapping
 20822 | D:12     | XOM: noise
 20831 | D:12     | XOM: confusion
 20892 | D:13     | XOM: enchant monster (bad)
 20944 | D:13     | XOM: cleaving
 21109 | D:13     | XOM: enchant monster (bad)
 21112 | D:13     | XOM: summons 4 hostile demons
 21352 | D:13     | XOM: summons 12 friendly demons
 21363 | D:13     | Reached skill level 11 in Fighting
 21430 | D:13     | XOM: 1-stop teleportation journey
 21512 | D:13     | XOM: god gift: Fen Folio
 21585 | D:13     | Noticed Lodul
 21596 | D:13     | Killed Lodul
 21830 | D:13     | Noticed Urug
 21830 | D:13     | XOM: give mutation
 21830 | D:13     | Gained mutation: You expend health (3 HP) to strengthen
                  | your wands. [Xom's grace]
 21840 | D:13     | HP: 5/121 [Urug/+6 eveningstar (24)]
 21843 | D:13     | Killed Urug
 22002 | D:13     | XOM: divination: detect creatures
 22379 | D:13     | Identified a scroll of acquirement
 22380 | D:13     | Acquired the amulet "Tothy" {Reflect rElec Int+3 Dex+4
                  | SH+5}
 22514 | Orc:2    | Killed Saint Roka the caustic shrike
 22559 | Orc:2    | Found a staircase to the Elven Halls.
 22594 | Orc:2    | Noticed Azrael
 22595 | Orc:2    | XOM: enchant monster (good)
 22609 | Orc:2    | Killed Azrael
 22630 | Orc:2    | XOM: give mutations
 22630 | Orc:2    | Gained mutation: You passively map a small area around you.
                  | [Xom's grace]
 22630 | Orc:2    | Gained mutation: You are partially covered in iridescent
                  | scales. (AC +2) [Xom's grace]
 22630 | Orc:2    | Gained mutation: You are agile. (Dex +4, Str/Int -1) [Xom's
                  | grace]
 22630 | Orc:2    | Gained mutation: You are very agile. (Dex +8, Str/Int -2)
                  | [Xom's grace]
 22730 | Orc:2    | XOM: give mutations
 22730 | Orc:2    | Lost mutation: You expend health (3 HP) to strengthen your
                  | wands. [Xom's mischief]
 22730 | Orc:2    | Gained mutation: You have hidden genetic potential. [Xom's
                  | mischief]
 22730 | Orc:2    | Lost mutation: You have a pair of small horns on your head.
                  | [Xom's mischief]
 22730 | Orc:2    | Gained mutation: You sometimes lose your temper in combat.
                  | [Xom's mischief]
 22828 | Orc:2    | Noticed Sonja
 22830 | Orc:2    | XOM: chaos upgrade
 22830 | Orc:2    | Noticed Donald
 22863 | Orc:2    | XOM: stat loss: -1 Int (15/17)
 22891 | Orc:2    | XOM: stat loss: -1 Str (8/9)
 22994 | Orc:2    | Noticed Josephine
 23017 | Orc:2    | Killed Sonja
 23085 | Orc:2    | Killed Josephine
 23089 | Orc:2    | XOM: confusion (+ monsters)
 23091 | Orc:2    | XOM: enchant monster (bad)
 23140 | Orc:2    | XOM: summons 4 hostile shadow creatures
 23152 | Orc:2    | Killed Donald
 23321 | Orc:2    | Found Leokase's Distillery.
 23322 | Orc:2    | Found Gaigex's General Store.
 23358 | Orc:2    | XOM: confusion
 23380 | Orc:2    | Reached XP level 16. HP: 112/127 MP: 0/0
 23416 | Orc:2    | XOM: noise
 23552 | Orc:2    | XOM: give mutations
 23552 | Orc:2    | Lost mutation: You are strong-willed. (Will+) [Xom's
                  | mischief]
 23552 | Orc:2    | Lost mutation: You have hidden genetic potential. [Xom's
                  | mischief]
 23889 | Orc:2    | XOM: enchant monster (bad)
 24054 | Orc:2    | XOM: silly message
 24314 | Orc:2    | XOM: give mutations
 24314 | Orc:2    | Gained mutation: Your mind is acute. (Int +4, Str/Dex -1)
                  | [Xom's grace]
 24314 | Orc:2    | Gained mutation: You are partially covered in large bone
                  | plates. (SH +4) [Xom's grace]
 24420 | Orc:2    | Found Ynikk's Antique Armour Boutique.
 24420 | Orc:2    | Found Joczu's Book Shop.
 24421 | Orc:2    | Found a one-way gate leading to the halls of Pandemonium.
 24435 | Orc:2    | Bought a pair of runed gloves for 240 gold pieces
 24480 | Orc:2    | Bought a potion of curing for 48 gold pieces
 24480 | Orc:2    | Bought a potion of heal wounds for 80 gold pieces
 24480 | Orc:2    | Bought a potion of curing for 48 gold pieces
 24482 | Orc:2    | Bought a scroll of enchant armour for 105 gold pieces
 24482 | Orc:2    | Bought a scroll of fear for 56 gold pieces
 24826 | D:14     | XOM: noise
 24857 | D:14     | XOM: potion effect (haste)
 24858 | D:14     | Found a gate to the Vaults.
 24858 | D:14     | XOM: potion effect (might)
 24862 | D:14     | Reached skill level 5 in Shields
 25258 | D:14     | XOM: confusion (+ monsters)
 25263 | D:14     | XOM: noise
 25275 | D:14     | XOM: cleaving
 25515 | D:14     | Identified the +3 chain mail of Vexation {rN+ SInv}
 25567 | D:14     | XOM: give mutations
 25567 | D:14     | Gained mutation: Your mind is very acute. (Int +8, Str/Dex
                  | -2) [Xom's grace]
 25567 | D:14     | Gained mutation: Your muscles are strong. (Str +4, Int/Dex
                  | -1) [Xom's grace]
 25567 | D:14     | Gained mutation: You have very sharp teeth. [Xom's grace]
 25674 | D:15     | Entered Level 15 of the Dungeon
 25929 | D:15     | XOM: summons 2 friendly demons
 25930 | D:15     | Reached skill level 1 in Shapeshifting
 26007 | D:15     | XOM: cast spell 'Dispersal'
 26273 | D:15     | XOM: scenery: summon butterflies
 26351 | D:15     | XOM: scenery: summon butterflies
 26575 | D:15     | Found a staircase to the Depths.
 26612 | D:15     | Found a runed translucent gate.
 26612 | D:15     | Found a runed translucent gate.
 26613 | D:15     | Found a runed translucent gate.
 26614 | D:15     | Noticed Bekuax's ghost (journeyman DgVM)
 26968 | Spider:1 | Entered Level 1 of the Spider Nest
 26973 | Spider:1 | Noticed an emperor scorpion
 26982 | Spider:1 | Killed an emperor scorpion
 26998 | Spider:1 | Reached skill level 12 in Fighting
 27001 | Spider:1 | XOM: give mutations
 27001 | Spider:1 | Gained mutation: You have a pair of small antennae on your
                  | head. [Xom's grace]
 27001 | Spider:1 | Gained mutation: You have hidden genetic potential. [Xom's
                  | grace]
 27001 | Spider:1 | Gained mutation: Your muscles are very strong. (Str +8,
                  | Int/Dex -2) [Xom's grace]
 27309 | Spider:1 | Identified the serpent talisman "Peiluumn" {Stlth+}
 27309 | Spider:1 | Noticed Aizul
 27325 | Spider:1 | Killed Aizul
 27560 | Spider:1 | Reached XP level 17. HP: 135/135 MP: 0/0
 27560 | Spider:1 | Learned a level 6 spell: Eringya's Noxious Bog
 28406 | Spider:2 | Found a frozen archway.
 28510 | Spider:1 | XOM: give mutations
 28510 | Spider:1 | Lost mutation: You are partially covered in iridescent
                  | scales. (AC +2) [Xom's mischief]
 28510 | Spider:1 | Lost mutation: Your body sometimes deteriorates upon taking
                  | damage. [Xom's mischief]
 28540 | Spider:1 | XOM: scenery: create altars
 28906 | Spider:2 | XOM: polymorph demonic crawler -> apocalypse crab
 28907 | Spider:2 | XOM: confuse monster(s)
 29016 | Spider:2 | XOM: divination: detect items
 29890 | Spider:2 | XOM: noise
 29959 | Spider:2 | XOM: god gift: 42 gold pieces
 30024 | Spider:2 | XOM: silly message
 30090 | Spider:2 | XOM: cloud trail
 30159 | Spider:3 | XOM: scenery: summon butterflies
 30247 | Spider:3 | XOM: confuse monster(s)
 30302 | Spider:3 | XOM: cast spell 'Disjunction'
 30305 | Spider:3 | XOM: enchant monster (bad)
 30328 | Spider:3 | XOM: noise
 30338 | Spider:3 | Gained mutation: You are partially covered in iridescent
                  | scales. (AC +2) [hidden potential]
 30601 | Spider:3 | XOM: summons friendly white imp
 30608 | Spider:3 | XOM: divination: detect creatures
 30658 | Spider:3 | XOM: summons 4 friendly demons
 30664 | Spider:3 | Reached skill level 13 in Fighting
 30904 | Spider:4 | Entered Level 4 of the Spider Nest
 30941 | Spider:4 | Reached XP level 18. HP: 133/145 MP: 0/0
 30948 | Spider:4 | Reached skill level 5 in Shapeshifting
 31283 | Spider:4 | XOM: cast spell 'Leda's Liquefaction'
 31287 | Spider:4 | XOM: summons 3 friendly demons
 31459 | Spider:4 | XOM: silly message
 31728 | Spider:4 | XOM: cloud trail
 31806 | Spider:4 | XOM: enchant monster (good)
 31862 | Spider:4 | XOM: noise
 32548 | Spider:4 | Got a gossamer rune of Zot
 32549 | Spider:4 | Reached XP level 19. HP: 152/152 MP: 0/0
 32549 | Spider:4 | Learned a level 6 spell: Death Channel
 32567 | Spider:4 | XOM: destruction
 32822 | Vaults:1 | Entered Level 1 of the Vaults
 32920 | Vaults:1 | XOM: give mutations
 32920 | Vaults:1 | Lost mutation: Your flesh is almost immune to the effects
                  | of heat. (rF+++) [Xom's mischief]
 32920 | Vaults:1 | Lost mutation: You are robust. (+10% HP) [Xom's mischief]
 33013 | Vaults:1 | XOM is BORED!
 33013 | Vaults:1 | XOM: summons 2 hostile shadow creatures
 33413 | Orc:2    | Bought the +3 buckler of the Evening {rC+} for 469 gold
                  | pieces
 33878 | Vaults:1 | XOM: blink monster(s)
 34234 | Vaults:1 | XOM: noise
 34333 | Vaults:1 | XOM: 3-stop teleportation journey
 34796 | Vaults:1 | Reached skill level 14 in Fighting
 34996 | Vaults:1 | XOM: 2-stop teleportation journey
 35031 | Vaults:1 | XOM: noise
 35271 | Vaults:1 | XOM: confusion (+ monsters)
 35334 | Vaults:1 | XOM: 3-stop teleportation journey
 35367 | Vaults:1 | XOM: cloud trail
 35571 | Vaults:2 | Reached XP level 20. HP: 105/147 MP: 0/0
 35866 | Vaults:2 | XOM: scenery: summon butterflies
 35946 | Vaults:2 | XOM: swap monsters
 35950 | Vaults:2 | XOM: summons 16 friendly demons
 36197 | Vaults:2 | XOM: cloud trail
 36330 | Vaults:2 | XOM: confuse monster(s)
 36459 | Vaults:2 | XOM: silly message
 36477 | Vaults:2 | XOM: silly message
 36506 | Vaults:2 | Identified the +4 war axe of the Evil Eye {freeze, rF+
                  | Str+4 Dex+2}
 36510 | Vaults:2 | XOM: noise
 36940 | Vaults:2 | XOM: give mutation
 36940 | Vaults:2 | Lost mutation: You are partially covered in iridescent
                  | scales. (AC +2) [Xom's mischief]
 37081 | D:12     | XOM: give mutations
 37081 | D:12     | Gained mutation: You are robust. (+10% HP) [Xom's grace]
 37081 | D:12     | Gained mutation: You are partially covered in iridescent
                  | scales. (AC +2) [Xom's grace]
 37081 | D:12     | Gained mutation: Your skin changes colour to match your
                  | surroundings (Stealth+). [Xom's grace]
 37081 | D:12     | Lost mutation: You sometimes lose your temper in combat.
                  | [Xom's grace]
 37135 | Orc:2    | XOM: cloud trail
 37168 | Orc:2    | Bought a distressingly furry ring mail for 288 gold pieces
 37168 | Orc:2    | Identified the +1 ring mail of Xaijixit {rN+ Int+4 Dex+2}
                  | (You bought it in a shop on level 2 of the Orcish Mines)
 37205 | Orc:2    | XOM: scenery: create altars
 37319 | D:12     | XOM: god gift: potion of curing
 37472 | Vaults:3 | XOM: cast spell 'Summon Small Mammal'
 37653 | Vaults:3 | Found a staircase to the Crypt.
 37840 | Vaults:3 | XOM: 5-stop teleportation journey
 38014 | Vaults:3 | Gained mutation: You are strong-willed. (Will+) [hidden
                  | potential]
 38014 | Vaults:3 | Lost mutation: You have hidden genetic potential. [hidden
                  | potential expressed]
 38093 | Vaults:3 | Found a huge runed gate.
 38093 | Vaults:3 | Found a huge runed gate.
 38093 | Vaults:3 | Found a huge runed gate.
 38094 | Vaults:3 | Found a huge runed gate.
 38096 | Vaults:3 | Found a huge runed gate.
 38099 | Vaults:3 | Found a huge runed gate.
 38104 | Vaults:3 | Found a huge runed gate.
 38104 | Vaults:3 | Found a huge runed gate.
 38104 | Vaults:3 | Found a huge runed gate.
 38104 | Vaults:3 | Found a huge runed gate.
 38111 | Vaults:3 | Found a huge runed gate.
 38111 | Vaults:3 | Found a huge runed gate.
 38111 | Vaults:3 | Found a huge runed gate.
 38111 | Vaults:3 | Found a huge runed gate.
 38111 | Vaults:3 | Found a huge runed gate.
 38112 | Vaults:3 | Found a huge runed gate.
 38113 | Vaults:3 | Found a huge runed gate.
 38114 | Vaults:3 | Found a huge runed gate.
 38135 | Vaults:3 | Found a huge runed gate.
 38143 | Vaults:3 | Found a huge runed gate.
 38143 | Vaults:3 | Found a huge runed gate.
 38143 | Vaults:3 | Found a huge runed gate.
 38143 | Vaults:3 | Found a huge runed gate.
 38143 | Vaults:3 | Found a huge runed gate.
 38143 | Vaults:3 | Found a huge runed gate.
 38144 | Vaults:3 | Found a huge runed gate.
 38145 | Vaults:3 | Found a huge runed gate.
 38146 | Vaults:3 | Found a huge runed gate.
 38155 | Vaults:3 | Found a huge runed gate.
 38155 | Vaults:3 | Found a huge runed gate.
 38155 | Vaults:3 | Found a huge runed gate.
 38155 | Vaults:3 | Found a huge runed gate.
 38155 | Vaults:3 | Found a huge runed gate.
 38155 | Vaults:3 | Found a huge runed gate.
 38156 | Vaults:3 | Found a huge runed gate.
 38157 | Vaults:3 | Found a huge runed gate.
 38237 | Vaults:3 | XOM: cast spell 'Summon Ice Beast'
 38241 | Vaults:3 | XOM: potion effect (might)
 38604 | Vaults:3 | Noticed an ancient lich
 38609 | Vaults:3 | XOM: confuse monster(s)
 38614 | Vaults:3 | XOM: god gift: scroll of blinking
 38669 | Vaults:3 | XOM: 2-stop teleportation journey
 38763 | Vaults:3 | Killed an ancient lich
 38920 | Vaults:3 | XOM: summons 6 friendly demons
 39074 | Vaults:3 | Identified the +1 dagger "Guygoetzui" {heavy, rPois rF+
                  | Int-4}
 39186 | Vaults:4 | Reached XP level 21. HP: 90/169 MP: 0/0
 39186 | Vaults:4 | Learned a level 8 spell: Maxwell's Capacitive Coupling
 39403 | Vaults:4 | XOM: divination: magic mapping
 39436 | Vaults:4 | XOM: 4-stop teleportation journey
 39441 | Vaults:4 | XOM: summons friendly ufetubus
 39478 | Vaults:4 | XOM: 8-stop teleportation journey
 39516 | Vaults:4 | XOM: summons 14 friendly demons
 39561 | Vaults:4 | XOM: scenery: create altars
 39569 | Vaults:4 | Reached skill level 15 in Dodging
 39574 | Vaults:4 | XOM: divine lightning
 39860 | Vaults:4 | XOM: divine lightning
 39895 | Vaults:4 | Reached skill level 15 in Fighting
 39911 | Vaults:4 | XOM: give mutation
 39911 | Vaults:4 | Lost mutation: Your muscles are very strong. (Str +8,
                  | Int/Dex -2) [Xom's mischief]
 39931 | Vaults:4 | XOM: give mutations
 39931 | Vaults:4 | Gained mutation: You are very robust. (+20% HP) [Xom's
                  | grace]
 39931 | Vaults:4 | Gained mutation: You are extremely robust. (+30% HP) [Xom's
                  | grace]
 39931 | Vaults:4 | Gained mutation: You possess an exceptional clarity of
                  | mind. [Xom's grace]
 39931 | Vaults:4 | Gained mutation: You have a pair of antennae on your head.
                  | [Xom's grace]
 39965 | Vaults:4 | XOM: scenery: create altars
 40020 | Vaults:4 | XOM: cloud trail
 40359 | Vaults:4 | XOM: scenery: 2 doors open, 1 doors close
 40434 | Vaults:4 | XOM: summons 3 hostile shadow creatures
 40769 | Vaults:5 | Identified the of Runtitz
 40769 | Vaults:5 | Entered Level 5 of the Vaults
 40774 | Vaults:5 | Noticed Bai Suzhen
 40891 | Vaults:4 | XOM: summons 3 hostile shadow creatures
 40896 | Vaults:4 | XOM: smoke on damage
 40938 | Vaults:4 | XOM: god gift: chain mail {god gift}
 41199 | Vaults:4 | Killed Bai Suzhen
 41318 | Vaults:5 | XOM: potion effect (curing)
 41319 | Vaults:5 | XOM: divination: detect items
 41321 | Vaults:5 | Reached XP level 22. HP: 127/210 MP: 0/0
 41322 | Vaults:5 | Noticed a dread lich
 41323 | Vaults:5 | XOM: summons 16 friendly demons
 41596 | Vaults:5 | Identified the ring of Untruth {Fly rElec rPois Int+5
                  | Stlth-}
 41604 | Vaults:5 | Killed a dread lich
 41841 | Vaults:5 | XOM: polymorph green very ugly thing -> cyan very ugly
                  | thing
 41846 | Vaults:5 | XOM: summons 12 hostile demons
 42023 | Vaults:5 | Identified the +6 short sword of Stickiness {freeze, +Blink
                  | rCorr Str-2 SInv}
 42023 | Vaults:5 | Identified the amulet "Zystre" {Faith MP+9 Dex+3}
 42028 | Vaults:5 | XOM: enchant monster (good)
 42029 | Vaults:5 | XOM: scenery: summon butterflies
 42130 | Vaults:5 | Noticed a dread lich
 42133 | Vaults:5 | XOM: summons friendly ufetubus
 42256 | Vaults:5 | XOM: noise
 42258 | Vaults:5 | Killed a dread lich
 42378 | Vaults:5 | XOM: swap monsters
 42485 | Vaults:5 | Identified the +0 chain mail of the Lute {rElec rF+ SInv}
 42509 | Vaults:5 | XOM: confuse monster(s)
 42639 | Vaults:5 | XOM: swap monsters
 42678 | Vaults:5 | Reached skill level 16 in Fighting
 42695 | Vaults:5 | XOM: divination: detect creatures
 42696 | Vaults:5 | HP: 3/213 [titan/the air (39)]
 42701 | Vaults:5 | XOM: give mutation
 42701 | Vaults:5 | Lost mutation: Your skin changes colour to match your
                  | surroundings (Stealth+). [Xom's mischief]
 42706 | Vaults:5 | XOM: blink monster(s)
 42831 | Vaults:5 | XOM: summons friendly ufetubus
 43049 | Vaults:5 | Gained mutation: Your body sometimes deteriorates upon
                  | taking damage. [a neqoxec]
 43055 | Vaults:5 | XOM: noise
 43217 | Vaults:5 | XOM: stat loss: -1 Str (10/11)
 43442 | Vaults:5 | Reached skill level 15 in Armour
 43680 | Vaults:5 | XOM: scenery: create altars
 43682 | Vaults:5 | Got a silver rune of Zot
 43697 | Vaults:5 | Identified the amulet "Zinogic" {Acrobat rPois Will+ rCorr
                  | Slay-2}
 43705 | Vaults:5 | Identified the +4 scale mail of the Pink Corner {Regen+}
 43842 | Vaults:5 | Reached skill level 15 in Long Blades
 43842 | Vaults:5 | Reached XP level 23. HP: 187/219 MP: 0/0
 43842 | Vaults:5 | Learned a level 7 spell: Spellforged Servitor
 44042 | Vaults:5 | Identified the staff of Chaos {Str+3 Dex+3 Conj}
 44508 | Crypt:3  | Identified the of Huehur
 44508 | Elf:1    | Identified the of Opeah
 44508 | Elf:1    | Entered Level 1 of the Elven Halls
 44522 | Elf:1    | Reached skill level 10 in Shapeshifting
 44594 | Elf:1    | Paralysed by an air elemental for 1 turns
 44596 | Elf:1    | XOM: confuse monster(s)
 44616 | Elf:1    | XOM: divination: detect creatures
 44617 | Elf:1    | XOM: cast spell 'Summon Hydra'
 44816 | Elf:1    | XOM: noise
 44831 | Elf:1    | XOM: enchant monster (good)
 45038 | Elf:1    | XOM: scenery: summon butterflies
 45093 | Elf:1    | XOM: cleaving
 45236 | Elf:1    | XOM: god gift: 56 gold pieces
 45569 | Elf:2    | XOM: fog
 45582 | Elf:2    | Found a runed translucent gate.
 45583 | Elf:2    | Found a runed translucent gate.
 45583 | Elf:2    | Found a runed translucent gate.
 45634 | Elf:2    | Found Cafos's Distillery.
 45642 | Elf:2    | Bought a potion of resistance for 120 gold pieces
 45642 | Elf:2    | Bought a potion of heal wounds for 60 gold pieces
 45642 | Elf:2    | Bought a potion of might for 48 gold pieces
 45642 | Elf:2    | Bought a potion of curing for 36 gold pieces
 45642 | Elf:2    | Bought a potion of curing for 36 gold pieces
 45642 | Elf:2    | Bought a potion of curing for 36 gold pieces
 45772 | Elf:2    | XOM: 2-stop teleportation journey
 45812 | Elf:2    | XOM: summons friendly ufetubus
 46089 | Elf:2    | Identified the of Benayrgh (You acquired it on level 2 of
                  | the Elven Halls)
 46089 | Elf:2    | Acquired a manual of Dodging
 46159 | Elf:2    | XOM: noise
 46167 | Elf:2    | XOM: summons friendly white imp
 46168 | Elf:2    | XOM: 3-stop teleportation journey
 46221 | Elf:2    | XOM: blink monster(s)
 46597 | Elf:3    | Identified the "Mauvetie"
 46597 | Elf:3    | Identified the "Vaizxarhomn"
 46597 | Elf:3    | Entered Level 3 of the Elven Halls
 46804 | Elf:3    | XOM: summons 3 hostile shadow creatures
 46891 | Elf:3    | XOM: scenery: 1 doors open, 1 doors close
 46930 | Elf:3    | XOM: chaos upgrade
 46933 | Elf:3    | XOM: chaos upgrade
 47121 | Elf:3    | XOM: summons 3 hostile shadow creatures
 47154 | Elf:3    | XOM: enchant monster (good)
 47333 | Elf:3    | XOM: summons 1 hostile demon
 47548 | Elf:3    | Reached skill level 15 in Poison Magic
 47584 | Elf:3    | XOM: scenery: 1 doors close
 47596 | Elf:3    | Reached skill level 17 in Fighting
 47596 | Elf:3    | Reached XP level 24. HP: 66/232 MP: 0/0
 47810 | Elf:3    | XOM: cleaving
 47843 | Elf:3    | Identified the +6 morningstar of Kismet {heavy, *Corrode
                  | Fly rElec}
 47852 | Elf:3    | Reached XP level 25. HP: 188/239 MP: 0/0
 47852 | Elf:3    | Learned a level 9 spell: Fire Storm
 47944 | Elf:3    | Identified the amulet of Agixol Deow {Spirit -Cast rN+++
                  | Regen+ Str-5}
 48107 | Elf:3    | Acquired 956 gold pieces
 48308 | Elf:3    | XOM: give mutations
 48308 | Elf:3    | Gained mutation: You are resistant to electric shocks.
                  | (rElec) [Xom's grace]
 48308 | Elf:3    | Gained mutation: You have a somewhat thin skeletal
                  | structure. (Dex +2, Stealth+) [Xom's grace]
 48372 | Elf:1    | XOM: scenery: 1 fountains blood, 1 doors close
 48582 | Crypt:1  | Entered Level 1 of the Crypt
 48611 | Crypt:1  | XOM: scenery: 1 doors close
 48986 | Crypt:1  | Identified the +2 leather armour of Nauseome {Rampage rN+
                  | Int-3}
 49127 | Crypt:1  | XOM: god gift: 4 stones
 49238 | Crypt:1  | XOM: enchant monster (good)
 49266 | Crypt:1  | XOM: give mutation
 49266 | Crypt:1  | Lost mutation: You are strong-willed. (Will+) [Xom's
                  | mischief]
 49287 | Crypt:1  | XOM: divine lightning
 49486 | Crypt:1  | XOM: chaos upgrade
 49922 | Crypt:2  | Identified the +6 arbalest "Guena" {speed, rElec Str+5}
 50059 | Crypt:2  | XOM: 2-stop teleportation journey
 50123 | Crypt:2  | Identified the +2 scale mail of Rapesm {Contam rElec rF++
                  | Str+4}
 50499 | Crypt:3  | Entered Level 3 of the Crypt
 50558 | Crypt:3  | Noticed Mennas
 50559 | Crypt:3  | XOM: confuse monster(s)
 50596 | Crypt:3  | XOM: summons 3 friendly demons
 50600 | Crypt:3  | XOM: swap monsters
 50614 | Crypt:3  | XOM: noise
 50624 | Crypt:3  | Killed Mennas
 50628 | Crypt:3  | XOM: summons 7 friendly demons
 50631 | Crypt:3  | XOM: enchant monster (good)
 50637 | Crypt:3  | XOM: summons friendly ufetubus
 50638 | Crypt:3  | XOM: polymorph ufetubus -> shadow imp
 50647 | Crypt:3  | XOM: cast spell 'Call Canine Familiar'
 50751 | Crypt:3  | XOM: 1-stop teleportation journey
 50835 | Crypt:3  | XOM: cast spell 'Summon Horrible Things'
 50962 | Crypt:2  | XOM: 2-stop teleportation journey
 51035 | Crypt:2  | XOM: give mutations
 51035 | Crypt:2  | Lost mutation: You are partially covered in large bone
                  | plates. (SH +4) [Xom's mischief]
 51035 | Crypt:2  | Lost mutation: You are resistant to electric shocks.
                  | (rElec) [Xom's mischief]
 51613 | Crypt:3  | XOM: silly message
 51658 | Crypt:3  | Noticed a royal mummy
 51672 | Crypt:3  | Killed a royal mummy
 51691 | Crypt:3  | XOM: enchant monster (good)
 51875 | Crypt:2  | XOM: scenery: 2 doors open, 4 doors close
 51984 | Crypt:3  | XOM: cast spell 'Disjunction'
 52011 | Crypt:3  | XOM: confuse monster(s)
 52036 | Crypt:3  | XOM: confuse monster(s)
 52037 | Crypt:3  | Reached XP level 26. HP: 166/249 MP: 0/0
 52038 | Crypt:3  | XOM: blink monster(s)
 52096 | Crypt:3  | XOM: 4-stop teleportation journey
 52160 | Crypt:3  | Found a basalt altar of Yredelemnul.
 52425 | Crypt:3  | XOM: silly message
 52665 | Crypt:3  | Found a staircase to the Tomb.
 52763 | Crypt:2  | XOM: silly message
 52887 | Depths:1 | Entered Level 1 of the Depths
 52901 | Depths:1 | XOM: potion effect (heal wounds)
 52904 | Depths:1 | Reached skill level 15 in Shapeshifting
 52910 | Depths:1 | XOM: silly message
 53047 | Depths:1 | XOM: polymorph green ugly thing -> red ugly thing
 53062 | Depths:1 | XOM: divination: detect creatures
 53249 | Depths:1 | XOM: enchant monster (good)
 53265 | Depths:1 | Found a gateway to Hell.
 53444 | Depths:1 | Found a one-way gate to the infinite horrors of the Abyss.
 53495 | Depths:1 | XOM: god gift: wand of iceblast (4)
 53523 | Depths:1 | Found a bloodstained altar of Trog.
 53582 | Depths:1 | XOM: polymorph white very ugly thing -> brown very ugly
                  | thing
 53583 | Depths:1 | XOM: fog
 53812 | Depths:1 | XOM: god gift: 8 stones
 53821 | Depths:1 | Found Viefyp's Jewellery Boutique.
 53821 | Depths:1 | Found Cewneysch's Book Emporium.
 53822 | Depths:1 | Found Omniez's Book Emporium.
 53920 | Depths:2 | XOM: cleaving
 53961 | Depths:2 | Found a one-way gateway to a ziggurat.
 54010 | Depths:2 | XOM: cleaving
 54065 | Depths:2 | XOM: give mutations
 54065 | Depths:2 | Gained mutation: Your movements are slightly less
                  | encumbered by armour. (ER -2) [Xom's grace]
 54065 | Depths:2 | Gained mutation: You are mostly covered in iridescent
                  | scales. (AC +4) [Xom's grace]
 54103 | Depths:2 | XOM: chaos upgrade
 54105 | Depths:2 | XOM: chaos cloud
 54122 | Depths:2 | HP: 12/249 [deep troll shaman simulacrum[a necromancer]
                  | (4)]
 54122 | Depths:2 | Slain by a deep troll shaman simulacrum

Illustrated notes

Levels and vault maps discovered:
D:1:      lightli_arrival_boilingwater, layout_rooms,
          shapermc_ecumenical_altar_notcrosses
D:2:      layout_loops_ring, kennysheep_generic_room_15
D:3:      layout_rooms, amcnicky_altar_gilded, minmay_goblin_kobold_house,
          uniq_terence, uniq_ijyb
D:4:      layout_gridville, chequers_big_river, dreamdust_princess_corridor,
          minmay_strange_pillars, hangedman_decor_growths,
          kennysheep_generic_room_4
D:5:      layout_loops_ring, mainiacjoe_overflow_surrounded_room, led_sif_book,
          chequers_ossuary_entry_cave, serial_shops,
          nicolae_shop_pleasant_corner_grove, kennysheep_potato
D:6:      layout_basic, minmay_temple_entry_junction, gup_sewer_entry_spiral,
          kennysheep_nondescript, uniq_edmund
D:7:      layout_basic, kennysheep_slug_shrine, kennysheep_diamond
D:8:      layout_basic, xom_teletrap_fun, serial_shops, shop, uniq_joseph
D:9:      layout_stronghold, zin_angel, grunt_gozag_statues, uniq_maggie
D:10:     layout_cave_pools, lair_entry_dummy, minmay_orc_entry_temple_small,
          enter_bailey_5, nicolae_figureground_pulse
D:11:     layout_layer_cave
D:12:     layout_loops_ring, serial_shops, nicolae_shop_tiny_real_fake_doors,
          minivault_16, nicolae_vehumet_altar_sigil
D:13:     layout_stronghold, nicolae_twisting_strands, kennysheep_nub,
          uniq_lodul, uniq_urug
D:14:     layout_small_grid, david_vaults_2, serial_park_square2,
          minmay_circle_x
D:15:     grunt_enter_depths_magical_seal, layout_loops_ring, solitary_fountain,
          gammafunk_ghost_necromancy, minmay_sticks_and_stones
Lair:1:   layout_cave_pods, nicolae_quartered_pool_little,
          chequers_serial_rivers_marsh
Lair:2:   wander_river, layout_gridlike, mainiacjoe_shoals_entry_four_pools,
          nicolae_spider_entry_non_spiders, ebering_ghost_reflecting_pool,
          beast_lair_carwin_1, uniq_gastronok
Lair:3:   layout_regular_city, infiniplex_staircase_pool, grunt_megastairs_3
Lair:4:   layout_layer_cave, dpeg_slime_entry_corner
Lair:5:   gammafunk_lair_ancient_temple, layout_regular_city
Spider:1: layout_spider_delve, hangedman_spider_tarantella_strand, uniq_aizul
Spider:2: layout_spider_delve, portal_ice_cave_entry_pillars_1,
          nicolae_spider_rock_and_or_roll
Spider:3: layout_spider_delve
Spider:4: spider_rune_water
Orc:1:    layout_caves, nicolae_orc_rockfall
Orc:2:    pf_orc_diabolical, layout_diamond_mine, uniq_saint_roka, uniq_azrael,
          uniq_erolcha, uniq_donald, uniq_josephine, uniq_sonja
Elf:1:    nicolae_elf_arrival_no_cutting_in_line, layout_onion_city,
          minmay_elf_demonology, minivault_19
Elf:2:    nicolae_elf_blades_crystal_corner, layout_onion_city, serial_shops,
          shop
Elf:3:    minmay_elf_hall_curves, layout_geoelf_castle, grunt_ministairs_6,
          pf_eden
Vaults:1: nicolae_vaults_trapezoid_4, hangedman_vaults_capsules,
          nicolae_vaults_offset_grid_hallway_3,
          nicolae_vaults_closet_pinwheel_1, dpeg_vaults_monster_row,
          serial_ice_g, layout_vaults_quadrants
Vaults:2: nicolae_vaults_closet_pinwheel_5, nicolae_vaults_hallways_thing,
          v_alt_pattern_4, st_more_cells, vaults_mumra_lcd,
          nicolae_vaults_sightless_eye, nicolae_vaults_theta,
          nicolae_vaults_storage_room_statues, nicolae_vaults_house_2,
          nicolae_vaults_rhombus_5, nicolae_vaults_gold_heap,
          ontoclasm_vaults_gateway, nicolae_vaults_closet_pinwheel_1,
          layout_vaults_omnicross
Vaults:3: vaults_mumra_chevron, nicolae_vaults_cochlea,
          nicolae_vaults_tetromino_L_1, nicolae_vaults_diagonal_hallway_6,
          ontoclasm_vaults_idyll, nicolae_vaults_diagonal_hallway_8,
          nicolae_vaults_three_branches, v_misc_8, door_vault,
          hangedman_vaults_restitches, vaults_room_hallway, layout_vaults_ring
Vaults:4: hangedman_vaults_slice, nicolae_vaults_puzzle_piece,
          nicolae_vaults_house_3, ontoclasm_vaults_pinch,
          nicolae_vaults_little_guard_posts, hangedman_vaults_maws,
          serial_ice_h, vaults_mumra_hex, hangedman_vaults_slice,
          nicolae_vaults_door_testing_chamber, nicolae_vaults_octothorpe,
          nicolae_vaults_double_plus_1, nicolae_vaults_trapezoid_lopsided_1,
          nicolae_vaults_little_squares_3, layout_vaults_omnibox
Vaults:5: uniq_bai_suzhen
Crypt:1:  layout_regular_city
Crypt:2:  layout_gridlike, uniq_margery
Crypt:3:  lightli_unholy_cathedral, layout_chaotic_city,
          nicolae_tomb_entry_unfolded_pyramid_orthogonal, grunt_ministairs_14,
          serial_sigils_hangedman_writhe, uniq_mennas
Depths:1: layout_cave_pools, abyss_entry, hellmouth_3, nrook_pool_corridor,
          eino_small_chamber_without_monster, minmay_misc_feat_diagonals,
          trog_three_pillars_becter, minmay_shop_grove, serial_bayou_shore_b
Depths:2: kennysheep_ambush_hall, layout_basic, enter_ziggurat_a,
          rand_demon_pan_entry_3, grunt_hell_entry_dis_old,
          minmay_misc_feat_roman

Skill      XL: |  1  2  3  4  5  6  7  8  9 10 11 12 13 14 15 16 17 18 19 20 21 22 23 24 25 26 |
---------------+-------------------------------------------------------------------------------+-----
Long Blades    | 3 4 5 7 8 9 10 11 12 13 14 15 16 | 16.1
Spellcasting   | 1 2 3 4 5 6 7 8 9 10 11 12 13 14 | 14.8
Conjurations   | 1 2 3 4 5 6 7 8 9 10 11 12 13 14 | 14.8
Hexes          | 1 2 3 4 5 6 7 8 9 10 11 12 13 14 | 14.8
Summonings     | 1 2 3 4 5 6 7 8 9 10 11 12 13 14 | 14.8
Necromancy     | 1 2 3 4 5 6 7 8 9 10 11 12 13 14 | 14.8
Translocations | 1 2 3 4 5 6 7 8 9 10 11 12 13 14 | 14.8
Transmutations | 1 2 3 4 5 6 7 8 9 10 11 12 13 14 | 14.8
Fire Magic     | 1 2 3 4 5 6 7 8 9 10 11 12 13 14 | 14.8
Ice Magic      | 1 2 3 4 5 6 7 8 9 10 11 12 13 14 | 14.8
Air Magic      | 1 2 3 4 5 6 7 8 9 10 11 12 13 14 | 14.8
Earth Magic    | 1 2 3 4 5 6 7 8 9 10 11 12 13 14 | 14.8
Poison Magic   | 1 2 3 4 5 6 7 8 9 10 11 12 13 15 | 15.9
Armour         | 2 3 4 5 6 7 8 9 10 11 12 13 14 15 | 15.2
Dodging        | 3 4 5 7 8 9 10 11 12 13 14 15 16 | 16.6
Fighting       | 4 5 6 8 9 10 11 12 13 14 15 16 17 | 17.4
Evocations     | 1 3 5 6 |  6.9
Shields        | 1 4 5 7 8 9 |  9.8
Shapeshifting  | 2 4 5 6 8 9 11 14 16 | 16.7

Action                     |  1- 3 |  4- 6 |  7- 9 | 10-12 | 13-15 | 16-18 | 19-21 | 22-24 | 25-27 || total
---------------------------+-------+-------+-------+-------+-------+-------+-------+-------+-------++-------
  Melee: Falchion          |    75 |       |       |       |       |       |       |       |       ||    75
         Dagger            |    14 |    94 |   371 |   720 |    44 |       |       |       |       ||  1243
         Punch             |     2 |       |     2 |    15 |     2 |       |       |       |       ||    21
         Unarmed           |       |    16 |       |       |       |       |       |       |       ||    16
         Long sword        |       |       |       |       |   277 |       |       |       |       ||   277
         Double sword      |       |       |       |       |   551 |   548 |   527 |   544 |   613 ||  2783
         Headbutt          |       |       |       |       |    37 |       |       |       |       ||    37
         Bite              |       |       |       |       |       |    82 |   112 |   119 |   136 ||   449
   Cast: Inner Flame       |       |       |     1 |    18 |    30 |    16 |    11 |    11 |     2 ||    89
         Searing Ray       |       |       |       |     2 |    10 |     3 |     9 |     1 |     2 ||    27
         Iskenderun's Batt |       |       |       |       |    12 |       |       |       |     2 ||    14
         Alistair's Intoxi |       |       |       |       |     1 |       |     1 |       |       ||     2
         Eringya's Noxious |       |       |       |       |       |    12 |    13 |    10 |     4 ||    39
         Conjure Ball Ligh |       |       |       |       |       |     1 |     4 |    12 |     4 ||    21
         Death Channel     |       |       |       |       |       |       |     6 |     4 |     4 ||    14
  Evoke: Wand              |       |       |       |     2 |    12 |     1 |       |     2 |       ||    17
         Lightning rod     |       |       |       |       |     5 |       |       |       |       ||     5
         Condenser vane    |       |       |       |       |       |     1 |       |       |       ||     1
    Use: Potion            |       |     1 |       |     9 |     6 |     4 |       |     9 |     1 ||    30
         Scroll            |       |       |    11 |     7 |    18 |     5 |     3 |     9 |     4 ||    57
   Stab: Sleeping          |     2 |     3 |     6 |     2 |     3 |     9 |     5 |       |     4 ||    34
         Paralysed         |     2 |       |       |     3 |       |       |     2 |       |     1 ||     8
         Petrified         |       |       |       |     5 |     3 |       |       |       |     2 ||    10
         Distracted        |       |       |       |     3 |    13 |    18 |    24 |    23 |    31 ||   112
         Confused          |       |       |       |     5 |     4 |       |     1 |     2 |       ||    12
         Petrifying        |       |       |       |     2 |       |       |       |     4 |       ||     6
         Invisible         |       |       |       |       |     4 |       |       |       |       ||     4
 Armour: Leather armour    |    79 |    49 |   140 |       |       |       |       |       |       ||   268
         Skin              |       |    19 |       |    10 |       |       |       |       |     9 ||    38
         Steam dragon scal |       |       |     6 |   367 |   582 |   217 |    50 |       |       ||  1222
         Ring mail         |       |       |       |       |       |       |   103 |    99 |       ||   202
         Scale mail        |       |       |       |       |       |       |       |   122 |   259 ||   381
  Dodge: Dodged            |    56 |   119 |   208 |   560 |   972 |   389 |   366 |   291 |   433 ||  3394
  Block: Other             |     4 |    27 |    44 |   132 |   105 |       |       |       |       ||   312
         Kite shield       |       |       |       |       |   291 |   620 |    41 |       |       ||   952
         Reflection        |       |       |       |       |     7 |    13 |    50 |    49 |     5 ||   124
         Buckler           |       |       |       |       |       |       |   455 |   421 |   536 ||  1412

Table legend: (Time is in decaauts)
 A = Elapsed time spent in this place.
 B = Non-inter-level travel time spent in this place.
 C = Inter-level travel time spent in this place.
 D = Time resting spent in this place.
 E = Time spent auto-exploring this place.
 F = Levels seen in this place.
 G = Mean time per level.
                   A        B        C        D        E       F      G
               +--------+--------+--------+--------+--------+-----+--------+
         Total |  53928 |  50346 |   3582 |   9584 |  30864 |  42 | 1284.0 |
       Dungeon |  17693 |  16002 |   1691 |   3466 |   9857 |  15 | 1179.5 |
          Lair |   6681 |   6319 |    362 |    687 |   4382 |   5 | 1336.2 |
   Spider Nest |   5779 |   5574 |    205 |   1078 |   3517 |   4 | 1444.8 |
  Orcish Mines |   3692 |   3359 |    333 |   1190 |   1464 |   2 | 1846.0 |
   Elven Halls |   3814 |   3677 |    137 |    164 |   2528 |   3 | 1271.3 |
        Vaults |  10798 |  10150 |    648 |   2469 |   5978 |   5 | 2159.6 |
         Crypt |   3648 |   3465 |    183 |    481 |   2107 |   3 | 1216.0 |
        Depths |    955 |    937 |     18 |      0 |    660 |   2 |  477.5 |
         Sewer |    257 |    257 |      0 |      0 |    132 |   1 |  257.0 |
       Ossuary |    249 |    249 |      0 |      0 |    156 |   1 |  249.0 |
        Bailey |    358 |    358 |      0 |     48 |     82 |   1 |  358.0 |
               +--------+--------+--------+--------+--------+-----+--------+

Top non-repeatable levels by time:
Vaults:4: 2914 daAuts
    D:11: 2769 daAuts
   Orc:2: 2542 daAuts
Vaults:1: 2397 daAuts
Vaults:5: 2228 daAuts
  Lair:5: 1940 daAuts
Vaults:3: 1857 daAuts
   Elf:3: 1716 daAuts
Spider:2: 1679 daAuts
    D:12: 1671 daAuts
    D:13: 1670 daAuts
    D:14: 1580 daAuts
Spider:1: 1526 daAuts
  Lair:4: 1522 daAuts
Spider:4: 1459 daAuts
